Map: Rhoskallian LE

Players

Kamay

  • Race: Protoss Protoss
  • Spawn Location: 6:00

traktorist

  • Race: Protoss Protoss
  • Spawn Location: 5:00

Massa - Winner!

  • Race: Terran Terran
  • League: Platinum
  • Spawn Location: 11:00

qqq - Winner!

  • Race: Protoss Protoss
  • Spawn Location: 12:00

VOD

Have the link to the VOD?

Description

Time

  • Played on: Nov. 6, 2020, 2:15 p.m.
  • Length: 5:39
Show
View Real Time Build Order
Export as new Build Order

Kamay Protoss 

Build Orders: Double Forge 

Get SALT Encoding   

  12  0:03  Probe  
  13  0:15  Probe  
  14  0:24  Pylon  
  14  0:27  Probe  
  15  0:42  Probe  
  16  0:44  Gateway  
  16  0:51  Assimilator  
  16  0:54  Probe  
  17  1:06  Probe  
  18  1:18  Probe, Gateway  
  19  1:34  Forge  
  19  1:46  Probe  
  20  1:48  Zealot (Chrono Boost)  
  21  2:17  Photon Cannon  
  21  2:18  Photon Cannon  
  21  2:20  Photon Cannon  
  18  2:36  Pylon  
  18  2:40  Zealot x2 (Chrono Boost)  
  22  2:48  Probe  
  20  3:11  Photon Cannon  
  20  3:12  Photon Cannon  
  18  3:17  Probe  
  22  3:29  Probe  
  21  3:35  Pylon  
  21  3:50  Pylon  
  21  4:10  Forge  
  21  4:15  Gateway  
  21  4:16  Probe  
  22  4:17  Cybernetics Core  
  20  4:28  Probe  
  21  4:55  Photon Cannon  
  21  4:59  Stalker (Chrono Boost)  
  18  5:13  Photon Cannon  
Show
View Real Time Build Order
Export as new Build Order

traktorist Protoss 

Build Orders: Double Forge 

Get SALT Encoding   

  12  0:01  Probe  
  13  0:13  Probe  
  14  0:25  Probe  
  14  0:27  Pylon  
  15  0:46  Gateway  
  15  0:47  Probe (Chrono Boost)  
  16  0:56  Probe (Chrono Boost)  
  17  0:58  Assimilator  
  17  1:01  Probe (Chrono Boost)  
  18  1:13  Probe  
  19  1:25  Probe  
  19  1:28  Forge  
  20  1:38  Probe, Cybernetics Core  
  21  1:45  Pylon  
  21  2:10  Pylon  
  21  2:18  Probe, Pylon  
  21  2:22  Assimilator  
  22  2:30  Probe, Forge  
  22  2:34  Gateway  
  23  2:42  Probe  
  24  2:48  Gateway  
  23  3:00  Probe  
  23  3:01  Gateway  
  23  3:05  Photon Cannon  
  23  3:09  Photon Cannon  
  23  3:12  Probe  
  23  3:15  Photon Cannon  
  21  3:33  Cybernetics Core  
  18  4:08  Stalker (Chrono Boost)  
  18  4:12  Stalker (Chrono Boost)  
  18  4:13  Stalker (Chrono Boost)  
  23  4:52  Stalker x2  
Show
View Real Time Build Order
Export as new Build Order

Massa Terran - Winner!

Build Orders:  

Get SALT Encoding   

  12  0:00  SCV  
  13  0:12  SCV  
  14  0:22  Supply Depot  
  14  0:24  SCV  
  15  0:44  SCV  
  15  0:45  Barracks  
  15  0:47  Refinery  
  16  0:56  SCV  
  17  1:08  SCV  
  18  1:20  SCV  
  19  1:33  Reaper  
  19  1:38  SCV  
  21  1:40  Command Center  
  21  1:50  Orbital Command  
  21  2:05  Reaper  
  22  2:23  Supply Depot  
  22  2:24  SCV  
  23  2:36  Factory  
  23  2:45  SCV  
  24  3:29  Reaper  
  24  4:00  SCV  
  24  4:01  Reaper  
  24  4:02  Orbital Command  
  26  4:11  Factory Tech Lab  
  26  4:12  SCV  
  27  4:18  Starport, Command Center  
  27  4:20  Barracks  
  27  4:21  Barracks  
  27  4:24  SCV, Command Center  
  28  4:36  SCV  
  29  4:48  SCV  
Show
View Real Time Build Order
Export as new Build Order

qqq Protoss - Winner!

Build Orders: Cannon Rush 

Get SALT Encoding   

  12  0:00  Probe  
  13  0:12  Probe  
  14  0:25  Probe, Pylon  
  15  0:43  Probe  
  16  0:52  Forge  
  16  0:55  Probe  
  17  1:07  Probe  
  18  1:19  Probe  
  18  1:22  Pylon  
  18  1:23  Pylon  
  19  1:31  Pylon  
  19  1:38  Pylon  
  19  1:43  Pylon  
  19  1:44  Pylon  
  19  1:45  Photon Cannon  
  19  1:49  Photon Cannon  
  19  1:57  Photon Cannon  
  18  2:51  Pylon  
  18  2:53  Nexus  
  18  2:54  Gateway  
  18  2:56  Pylon  
  18  3:04  Pylon  
  18  3:06  Pylon  
  18  3:26  Photon Cannon  
  18  3:28  Pylon  
  18  3:33  Photon Cannon  
  18  3:36  Pylon  
  18  3:47  Photon Cannon  
  18  3:52  Probe  
  19  3:59  Cybernetics Core  
  19  4:02  Assimilator  
  19  4:04  Probe  
  19  4:07  Assimilator  
  20  4:16  Probe  
  21  4:19  Photon Cannon  
  21  4:28  Probe  
  21  4:29  Pylon  
  22  4:35  Probe  
  23  4:40  Probe  
  24  4:47  Probe  
  26  4:52  Probe  
  26  5:01  Photon Cannon  
  26  5:05  Probe  
  27  5:08  Photon Cannon  
  27  5:11  Probe  
  28  5:17  Probe  
  29  5:21  Stargate  
  29  5:32  Photon Cannon  
  29  5:36  Pylon  
Tags
 
Add a new tag
Caveats
  • Supply blocks, unpowered buildings, or Contaminate may cause inaccurate times.
  • Supply counts are checked every 10 seconds.